 Dungeon Sprint DCSS version 0.23.2-30-g0e89c35649 (webtiles) character file.

Game seed: 9717749748515218971

282644 Kobolds4U the Fencer (level 13, 28/137 HPs)
             Began as a Minotaur Berserker on June 14, 2019.
             Was an Elder of Trog.
             Escaped with the Orb!
             The game lasted 00:42:56 (7530 turns).

Kobolds4U the Fencer (Minotaur Berserker)           Turns: 7530, Time: 00:42:57

Health: 28/137     AC: 27    Str: 24    XL:     13   Next: 10%
Magic:  13/13      EV: 16    Int: 10    God:    Trog [****..]
Gold:   2221       SH:  0    Dex: 13    Spells: 12/12 levels left

rFire    . . .     SeeInvis +   d - +8 long sword "Yhalet" {flame, rN+ Str+4}
rCold    + . .     Gourm    .   (no shield)
rNeg     + . .     Faith    .   z - +7 plate armour of Adghepnia {*Contam Int+6 SInv}
rPois    .         Spirit   .   (helmet restricted)
rElec    .         Reflect  .   w - +0 cloak {MR+}
rCorr    .         Harm     .   A - +1 pair of gloves
MR       +....     NoTele   +   v - +1 pair of boots
Stlth    ..........             (no amulet)
HPRegen  0.32/turn              c - ring of protection from cold
MPRegen  0.13/turn              i - ring of stealth

@: no status effects
A: retaliatory headbutt, horns 2, clumsy 1, deformed body, low mp 3, screaming
1, weak 1, subdued magic 1
0: Orb of Zot
a: Berserk, Trog's Hand, Brothers in Arms, Renounce Religion


You escaped.
You worshipped Trog.
Trog was greatly pleased with you.
You were not hungry.

You visited 1 branch You collected 5705 gold pieces.
You spent 3484 gold pieces at shops.

Inventory:

Hand Weapons
 a - a +4 great sword of flaming
 d - the +8 long sword "Yhalet" (weapon) {flame, rN+ Str+4}
   (Trog gifted it to you in the Dungeon)

   It has been specially enchanted to burn those struck by it, causing extra
   injury to most foes and up to half again as much damage against particularly
   susceptible opponents.
   Big, fiery blades are also staple armaments of hydra-hunters.
   It affects your strength (+4).
   It protects you from negative energy.
 k - a +6 antimagic triple sword
 n - a +6 arbalest of flaming
 y - a +3 antimagic scimitar
 C - a +4 antimagic scimitar
 D - the +5 great sword of Corporal Punishment {antimagic, Int+4}
   (You found it in the Dungeon)

   It reduces the magical energy of the wielder, and disrupts the spells and
   magical abilities of those hit.
   Natural abilities and divine invocations are not affected.
   It affects your intelligence (+4).
 H - a +3 scimitar of holy wrath
 J - a +3 antimagic great sword
Missiles
 b - 7 curare-tipped needles
 F - a throwing net (quivered)
Armour
 j - a +3 ring mail of magic resistance
 m - the +0 plate armour of the Stallion {rPois rF++ Int-4 SInv}
   (You bought it in a shop in the Dungeon)

   It affects your intelligence (-4).
   It greatly protects you from fire.
   It protects you from poison.
   It lets you see invisible.
 v - a +1 pair of boots (worn)
 w - a +0 cloak of magic resistance (worn)
 x - a +0 leather armour of poison resistance
 z - the +7 plate armour of Adghepnia (worn) {*Contam Int+6 SInv}
   (You bought it in a shop in the Dungeon)

   It affects your intelligence (+6).
   It lets you see invisible.
   It causes magical contamination when unequipped.
 A - a +1 pair of gloves (worn)
 B - a +0 cloak
 E - a +2 leather armour of fire resistance
Jewellery
 c - a ring of protection from cold (left hand)
 i - a ring of stealth (right hand)
Wands
 r - a wand of acid (5)
 t - a wand of random effects (26)
Scrolls
 o - a scroll of amnesia
 L - a scroll of blinking
Potions
 f - a potion of haste
 g - 2 potions of magic
 h - 2 potions of berserk rage
 u - 2 potions of curing
 I - a potion of brilliance
Miscellaneous
 p - a box of beasts
 q - a lamp of fire
Comestibles
 s - 6 rations


   Skills:
 - Level 19.2 Fighting
 - Level 20.1 Long Blades
 - Level 5.4 Throwing
 - Level 17.8 Armour
 + Level 16.6 Dodging
 - Level 10.1 Evocations


You had 12 spell levels left.
You didn't know any spells.
Your spell library was empty.

Dungeon Overview and Level Annotations

Branches:
Dungeon (1/1)

Altars:
Cheibriados
Dithmenos
Elyvilon
Fedhas
Gozag
Hepliaklqana
Kikubaaqudgha
Makhleb
Nemelex Xobeh
Okawaru
Qazlal
Ru
Sif Muna
Trog
Uskayaw
Vehumet
Wu Jian
Xom
Yredelemnul
Zin
The Shining One
Jiyva
Lugonu

Shops:
D %?}[%[([**}[(}[%}*[[[(

Annotations:
D Lernaean hydra


Innate Abilities, Weirdness & Mutations

You reflexively headbutt those who attack you in melee.
You have a pair of horns on your head.
You are clumsy. (Dex -2)
Armour fits poorly on your strangely shaped body.
Your magical capacity is extremely low. (-30% MP)
You occasionally shout uncontrollably at your foes.
You are weak. (Str -2)
Your spells are a little easier to cast, but a little less powerful.


Message History

There is an open door here.
Your extra speed is starting to run out.
There is an open door, spattered with blood here.
You feel yourself slow down.
There is an open door here.
You float gracefully downwards.
There is an open door, spattered with blood here.
There is an open door here.
There is an open door here.
There is an open door, spattered with blood here.
There is an open door here.
Things that are here:
a +0 scythe; a +1 robe of magic resistance
There is an open door here.
There is an open door, spattered with blood here.
You see here a +0 giant spiked club.
There is an open door here.
There is a staircase leading out of the dungeon here.
You can't go down here!
You have escaped!

##################
#@.#..)..#.)'..#__
#..'..#..'..#.('..
#..#####'#####'#__
#..####..#...#)###
#..#__####..##)#≈≈
#..#_____##'#_.§§§
#⌠⌠#_.∩...'..._#≈§
####_..__##_.#'##'
#_____###'#(#.§


There were no monsters in sight!

Vanquished Creatures
  A golden dragon (D)
  A shadow dragon (D)
  A daeva (D)
  A deep elf annihilator (D)
  A lorocyproca (D)
  A mummy priest (D)
  A hydra (D)
  2 centaur warriors (D)
  A deep troll (D)
  7 unseen horrors (D)
  2 oklob plants (D)
  A merfolk siren (D)
  A gargoyle (D)
  2 kobold demonologists (D)
  A demonic crawler (D)
  A hellwing (D)
  A meliai (D)
  3 hornets (D)
  A slime creature (D)
  Sigmund (D)
  13 hogs (D)
  2 redbacks (D)
  A yak (D)
  3 floating eyes (D)
  7 necrophages (D)
  An ogre (D)
  8 jellies (D)
  Ijyb (D)
  A ballistomycete (D)
68 creatures vanquished.

Vanquished Creatures (collateral kills)
  Tiamat (D)
  4 fire giants (D)
  Sonja (D)
  A lindwurm (D)
  8 shining eyes (D)
  3 demonic crawlers (D)
  4 floating eyes (D)
22 creatures vanquished.

Vanquished Creatures (others)
  A merfolk siren (D)
  A gargoyle (D)
  2 hornets (D)
  2 ballistomycete spores (D)
6 creatures vanquished.

Grand Total: 96 creatures vanquished

Notes
Turn   | Place    | Note
-------+----------+-------------------------------------------
     0 | D        | Kobolds4U the Minotaur Berserker began the quest for the
                  | Orb.
     0 | D        | Reached XP level 1. HP: 19/19 MP: 0/0
     1 | D        | Noticed Ijyb
    46 | D        | Killed Ijyb
    46 | D        | Reached skill level 7 in Long Blades
    46 | D        | Reached XP level 2. HP: 4/26 MP: 1/1
   312 | D        | Noticed an ogre
   315 | D        | Killed an ogre
   315 | D        | Reached skill level 9 in Long Blades
   315 | D        | Reached skill level 5 in Dodging
   315 | D        | Reached XP level 3. HP: 31/31 MP: 2/2
   315 | D        | Reached XP level 4. HP: 39/39 MP: 3/3
   349 | D        | Noticed Sigmund
   354 | D        | Killed Sigmund
   354 | D        | Reached ** piety under Trog
   354 | D        | Reached skill level 11 in Long Blades
   354 | D        | Reached XP level 5. HP: 45/45 MP: 4/4
   364 | D        | Found an ornate altar of the Wu Jian Council.
   364 | D        | Found a deep blue altar of Sif Muna.
   366 | D        | Found a radiant altar of Vehumet.
   369 | D        | Reached skill level 12 in Long Blades
   369 | D        | Reached XP level 6. HP: 44/51 MP: 5/5
   374 | D        | Found Tinlis's Antique Armour Emporium.
   374 | D        | Found an ancient bone altar of Kikubaaqudgha.
   374 | D        | Found a hazy altar of Hepliaklqana.
   374 | D        | Found a stormy altar of Qazlal.
   374 | D        | Found a hide-covered altar of Uskayaw.
   374 | D        | Found a blossoming altar of Fedhas.
   374 | D        | Found a bloodstained altar of Trog.
   374 | D        | Found an iron altar of Okawaru.
   374 | D        | Found a basalt altar of Yredelemnul.
   374 | D        | Found a glowing golden altar of the Shining One.
   374 | D        | Found a snail-covered altar of Cheibriados.
   374 | D        | Found a sacrificial altar of Ru.
   374 | D        | Found a glowing silver altar of Zin.
   374 | D        | Found a shadowy altar of Dithmenos.
   374 | D        | Found a white marble altar of Elyvilon.
   374 | D        | Noticed a yak
   383 | D        | Killed a yak
   383 | D        | Reached skill level 13 in Long Blades
   383 | D        | Reached skill level 10 in Dodging
   384 | D        | Found an opulent altar of Gozag.
   385 | D        | Found a sparkling altar of Nemelex Xobeh.
   526 | D        | Found a burning altar of Makhleb.
   526 | D        | Found a viscous altar of Jiyva.
   526 | D        | Found a shimmering altar of Xom.
   526 | D        | Found a corrupted altar of Lugonu.
   526 | D        | Noticed a slime creature
   536 | D        | Killed a slime creature
   536 | D        | Reached *** piety under Trog
   536 | D        | Reached XP level 7. HP: 19/57 MP: 6/6
   735 | D        | Noticed a kobold demonologist
   735 | D        | Noticed a kobold demonologist
   737 | D        | Reached skill level 5 in Fighting
   737 | D        | Reached skill level 14 in Long Blades
   740 | D        | Noticed a red devil
   744 | D        | Killed a kobold demonologist
   745 | D        | Noticed a smoke demon
   748 | D        | Noticed a rust devil
   750 | D        | Noticed a ynoxinul
   753 | D        | Killed a kobold demonologist
   753 | D        | Reached **** piety under Trog
   753 | D        | Reached skill level 10 in Fighting
   753 | D        | Reached XP level 8. HP: 22/80 MP: 7/7
  1030 | D        | Noticed a centaur warrior
  1041 | D        | Noticed a centaur warrior
  1048 | D        | Killed a centaur warrior
  1053 | D        | Killed a centaur warrior
  1053 | D        | Reached XP level 9. HP: 29/101 MP: 8/8
  1372 | D        | Paralysed by a hornet for 3 turns
  1376 | D        | Reached ***** piety under Trog
  1376 | D        | Reached skill level 5 in Armour
  1534 | D        | Noticed an oklob plant
  1552 | D        | Killed an oklob plant
  1552 | D        | Received a gift from Trog
  1820 | D        | Received a gift from Trog
  1825 | D        | Got a scorched long sword {god gift}
  1826 | D        | Identified the +8 long sword "Yhalet" {flame, rN+ Str+4}
                  | (Trog gifted it to you in the Dungeon)
  1858 | D        | Bought a dazzling plate armour for 616 gold pieces
  1868 | D        | Identified the +0 plate armour of the Stallion {rPois rF++
                  | Int-4 SInv} (You bought it in a shop in the Dungeon)
  1868 | D        | Lost intelligence.
  1998 | D        | Killed a gargoyle
  2137 | D        | Received a gift from Trog
  2184 | D        | Killed an unseen horror
  2184 | D        | Reached skill level 10 in Armour
  2184 | D        | Reached XP level 10. HP: 65/111 MP: 2/9
  2197 | D        | Killed an unseen horror
  2236 | D        | Reached ****** piety under Trog
  2236 | D        | Received a gift from Trog
  2421 | D        | Found Doxkuat's Armour Shoppe.
  2421 | D        | Found Ahergho's Antique Weapon Shop.
  2421 | D        | Found Toiwn's General Store.
  2423 | D        | Found Palig's General Store.
  2423 | D        | Found Leru's Gadget Shop.
  2423 | D        | Found Cerenote's Armour Shoppe.
  2423 | D        | Found Vaylec's Antique Weapon Boutique.
  2423 | D        | Found Azeqikky's Gadget Emporium.
  2423 | D        | Found Acedwomp's Armour Shop.
  2423 | D        | Found Dieg's Food Shoppe.
  2427 | D        | Found Astraogosm's Gadget Boutique.
  2428 | D        | Found Lewkuly's Armour Emporium.
  2428 | D        | Found Luphubi's General Store.
  2429 | D        | Found Meuh Lao's Antique Armour Emporium.
  2436 | D        | Bought a ration for 50 gold pieces
  2436 | D        | Bought a ration for 50 gold pieces
  2472 | D        | Noticed a deep troll
  2475 | D        | Killed a deep troll
  2475 | D        | Reached skill level 1 in Evocations
  2481 | D        | Found Maaqus's Armour Emporium.
  2537 | D        | Noticed Sonja
  2544 | D        | Killed Sonja
  2563 | D        | Found Fumoib's Food Boutique.
  2882 | D        | Received a gift from Trog
  2900 | D        | Noticed a lindwurm
  2903 | D        | Killed a lindwurm
  3100 | D        | Reached skill level 5 in Evocations
  3105 | D        | Reached XP level 11. HP: 106/117 MP: 13/13
  3112 | D        | Received a gift from Trog
  3114 | D        | Reached skill level 15 in Armour
  3227 | D        | Noticed a 12-headed hydra
  3231 | D        | Killed a nine-headed hydra
  3232 | D        | Received a gift from Trog
  3322 | D        | Bought a distressingly furry plate armour for 616 gold
                  | pieces
  3332 | D        | Identified the +7 plate armour of Adghepnia {*Contam Int+6
                  | SInv} (You bought it in a shop in the Dungeon)
  3368 | D        | Noticed a daeva
  3371 | D        | Noticed an unseen horror
  3371 | D        | Noticed an unseen horror
  3371 | D        | Noticed an unseen horror
  3372 | D        | Noticed an unseen horror
  3375 | D        | Killed an unseen horror
  3379 | D        | Killed an unseen horror
  3384 | D        | Killed an unseen horror
  3386 | D        | Noticed an unseen horror
  3387 | D        | Killed an unseen horror
  3389 | D        | Killed an unseen horror
  3389 | D        | Reached skill level 15 in Long Blades
  4029 | D        | Bought a +0 leather armour of poison resistance for 84 gold
                  | pieces
  4045 | D        | Bought a +0 pair of gloves for 49 gold pieces
  4087 | D        | Bought a +0 cloak for 54 gold pieces
  4240 | D        | Noticed a lorocyproca
  4264 | D        | Killed a lorocyproca
  4264 | D        | Received a gift from Trog
  5047 | D        | Bought a ration for 50 gold pieces
  5047 | D        | Bought a ration for 50 gold pieces
  5047 | D        | Bought a ration for 50 gold pieces
  5049 | D        | Bought a wand of digging (4) for 208 gold pieces
  5054 | D        | Bought a glowing cloak for 157 gold pieces
  5074 | D        | Bought 2 scrolls of identify for 56 gold pieces
  5079 | D        | Bought a +1 pair of boots for 126 gold pieces
  5121 | D        | Bought a +2 leather armour of fire resistance for 228 gold
                  | pieces
  5206 | D        | Gained mutation: Your magical capacity is low. (-10% MP)
                  | [mutagenic glow]
  5251 | D        | Reached skill level 10 in Evocations
  5279 | D        | Reached skill level 1 in Throwing
  5282 | D        | Noticed a deep elf annihilator
  5285 | D        | Found the +8 longbow "Zephyr" {speed, Dex+3 SInv}
  5296 | D        | Noticed an oklob plant
  5296 | D        | Noticed a mummy priest
  5307 | D        | Killed a deep elf annihilator
  5433 | D        | Killed a daeva
  5433 | D        | Reached skill level 16 in Long Blades
  5433 | D        | Reached skill level 5 in Throwing
  5433 | D        | Reached XP level 12. HP: 56/125 MP: 16/16
  5725 | D        | Bought a phantom mirror for 330 gold pieces
  5725 | D        | Bought a phantom mirror for 330 gold pieces
  5767 | D        | Gained mutation: Armour fits poorly on your strangely
                  | shaped body. [a shining eye]
  5775 | D        | Received a gift from Trog
  5776 | D        | Received a gift from Trog
  5777 | D        | Gained mutation: You are clumsy. (Dex -2) [a shining eye]
  5779 | D        | Paralysed by a floating eye for 4 turns
  5783 | D        | Received a gift from Trog
  5788 | D        | Reached skill level 17 in Long Blades
  5788 | D        | Gained mutation: You occasionally shout uncontrollably at
                  | your foes. [a shining eye]
  5789 | D        | Gained mutation: Your spells are a little easier to cast,
                  | but a little less powerful. [a shining eye]
  5796 | D        | Found Yjutey's Food Shop.
  5796 | D        | Found Ruturid's Magic Scroll Shoppe.
  5796 | D        | Found Akoc's Antique Armour Boutique.
  5796 | D        | Found Eriuny's Gadget Emporium.
  5826 | D        | Bought a ration for 50 gold pieces
  5935 | D        | Gained mutation: You are weak. (Str -2) [mutagenic glow]
  5936 | D        | Noticed a fire giant
  5938 | D        | Noticed a fire giant
  5939 | D        | Noticed a fire giant
  5940 | D        | Noticed a fire giant
  5941 | D        | Killed a fire giant
  5943 | D        | Killed a fire giant
  5949 | D        | Killed a fire giant
  5949 | D        | Received a gift from Trog
  5949 | D        | Reached skill level 18 in Long Blades
  5951 | D        | Killed a fire giant
  6263 | D        | Noticed a shadow dragon
  6263 | D        | Noticed a golden dragon
  6272 | D        | Killed a shadow dragon
  6278 | D        | Killed a golden dragon
  6278 | D        | Reached skill level 19 in Long Blades
  6278 | D        | Reached skill level 15 in Dodging
  6345 | D        | Found Nimylop's Weapon Shoppe.
  6396 | D        | Gained mutation: Your magical capacity is very low. (-20%
                  | MP) [a neqoxec]
  6453 | D        | Identified the +4 dragonskin cloak
  6453 | D        | Noticed Tiamat
  6563 | D        | Bought a scroll of enchant weapon for 75 gold pieces
  6628 | D        | Noticed a jiangshi
  6651 | D        | Killed a mummy priest
  6651 | D        | Reached skill level 20 in Long Blades
  6667 | D        | Noticed the 27-headed Lernaean hydra
  7026 | D        | Noticed a deep elf master archer
  7088 | D        | Gained mutation: Your magical capacity is extremely low.
                  | (-30% MP) [mutagenic glow]
  7154 | D        | Got a slimy great sword
  7155 | D        | Identified the +5 great sword of Corporal Punishment
                  | {antimagic, Int+4} (You found it in the Dungeon)
  7316 | D        | Bought a ration for 50 gold pieces
  7316 | D        | Bought a ration for 50 gold pieces
  7316 | D        | Bought a ration for 50 gold pieces
  7324 | D        | Bought a scroll of blinking for 105 gold pieces
  7449 | D        | Got the Orb of Zot
  7464 | D        | HP: 2/127 [poisoned by Tiamat]
  7465 | D        | Killed Tiamat
  7465 | D        | Reached XP level 13. HP: 11/137 MP: 13/13
  7530 | D        | Escaped with the Orb!

Skill      XL: |  1  2  3  4  5  6  7  8  9 10 11 12 |
---------------+-------------------------------------+-----
Long Blades    | 7 9 11 12 13 14 16 20 | 20.1
Dodging        | 5 8 9 11 12 16 | 16.6
Fighting       | 10 16 17 18 19 | 19.2
Armour         | 10 14 17 | 17.8
Evocations     | 5 10 | 10.1
Throwing       | 5 |  5.4

Action                   |  1- 3 |  4- 6 |  7- 9 | 10-12 | 13-15 || total
-------------------------+-------+-------+-------+-------+-------++-------
Melee: Falchion          |    15 |    23 |    58 |       |       ||    96
       Unarmed           |     8 |       |       |       |       ||     8
       Headbutt          |     2 |    10 |    22 |    48 |       ||    82
       Long sword        |       |       |    15 |   200 |       ||   215
Invok: Berserk           |     1 |       |     2 |     2 |       ||     5
       Brothers in Arms  |       |       |       |    10 |       ||    10
       Trog's Hand       |       |       |       |     1 |       ||     1
Evoke: Wand              |       |       |       |     4 |       ||     4
       Box of beasts     |       |       |       |     2 |       ||     2
       Phantom mirror    |       |       |       |     2 |       ||     2
  Use: Potion            |       |       |     1 |     5 |       ||     6
       Scroll            |       |       |       |     8 |       ||     8
  Eat: Ration            |       |       |     2 |     5 |       ||     7
       Chunk             |       |       |     1 |     5 |       ||     6
Armor: Animal skin       |     2 |       |       |       |       ||     2
       Ring mail         |       |     4 |    13 |    31 |       ||    48
       Plate armour      |       |       |       |    94 |       ||    94
       Leather armour    |       |       |       |     6 |       ||     6
Dodge: Dodged            |    13 |     7 |    28 |   131 |       ||   179
       Rpst.: Falchion   |     1 |     2 |     9 |       |       ||    12
       Long sword        |       |       |       |    25 |       ||    25
